 Dungeon Crawl Stone Soup version 0.21-a0-78-g82a99e0 (webtiles) character file.

96047 4thArraOfDagon the Martial Artist (level 15, -5/140 HPs)
             Began as a Demonspawn Abyssal Knight on June 21, 2017.
             Was the Champion of Lugonu.
             Shot with an arrow by a deep elf master archer (23 damage)
             ... on level 3 of the Elven Halls.
             The game lasted 01:12:42 (16378 turns).

4thArraOfDagon the Martial Artist (DsAK)           Turns: 16378, Time: 01:12:43

Health: -5/140     AC: 41    Str: 12    XL:     15   Next: 68%
Magic:  28/28      EV: 19    Int: 20    God:    Lugonu [******]
Gold:   1992       SH:  0    Dex: 19    Spells: 3/32 levels left

rFire    . . .     SeeInvis .     - Unarmed
rCold    + + .     Gourm    .   (no shield)
rNeg     + + .     Faith    .   (armour currently unavailable)
rPois    ∞         Spirit   .   a - +2 hat {MR+}
rElec    +         Reflect  .   r - +2 cloak {rC+}
rCorr    .         Harm     .   (gloves unavailable)
MR       +++..                  (boots currently unavailable)
Stlth    +++.......             A - amulet of regeneration
HPRegen  0.73/turn              N - ring of positive energy
MPRegen  0.21/turn              q - ring of protection from magic

@: statue-form, very slightly contaminated, invisible, very slow
A: claws 3, fangs 1, talons 1, thin skeletal structure 3, cold resistance 1,
icemail, evolution 1, freezing cloud immunity
a: End Transformation, Depart the Abyss, Bend Space, Banish, Corrupt, Enter the
Abyss, Brand Weapon With Distortion, Renounce Religion


You were on level 3 of the Elven Halls.
You worshipped Lugonu.
Lugonu was exalted by your worship.
You were hungry.
You were a stone statue.
You visited 4 branches of the dungeon, and saw 24 of its levels.
You visited the Abyss 1 time.
You also visited: Sewer, Ice Cave and Wizlab.

You collected 2886 gold pieces.
You spent 894 gold pieces at shops.

Inventory:

Armour
 a - a +2 hat of magic resistance (worn)
 r - a +2 cloak of cold resistance (worn)
 x - a +1 troll leather armour (melded) {Snorg}
 P - a +2 pair of boots (melded)
 Z - the +1 leather armour of Ymiuh {rElec Str-2 SInv, unknown}
   (You took it off a deep elf death mage on level 3 of the Elven Halls)

   It affects your strength (-2).
   It insulates you from electricity.
   It lets you see invisible.
Jewellery
 e - a +3 ring of strength {unknown}
 o - an uncursed ring of resist corrosion {unknown}
 p - a +2 amulet of reflection {unknown}
 q - a ring of protection from magic (right claw)
 v - the ring "Zuarinte" {Str+3 SInv, unknown}
   (You found it on level 3 of the Elven Halls)

   [ring of see invisible]

   It affects your strength (+3).
   It lets you see invisible.
 A - an amulet of regeneration (around neck)
 N - a ring of positive energy (left claw)
 U - an uncursed ring of positive energy
Wands
 n - a wand of acid (6/15)
 u - a wand of enslavement (4/24)
 I - a wand of clouds (0/9)
 Q - a wand of digging (6/24)
 S - a wand of paralysis (7/24)
 X - a wand of confusion (22/48)
Scrolls
 i - 9 scrolls of teleportation
 k - a scroll of amnesia
 w - 2 scrolls of recharging
 y - a scroll of brand weapon {unknown}
 B - 2 scrolls of enchant armour
 K - 7 scrolls of immolation
 V - a scroll of summoning
 W - 4 scrolls of remove curse
Potions
 b - 2 potions of might
 f - 2 potions of resistance
 g - 6 potions of agility
 h - 3 potions of haste
 l - a potion of cancellation {unknown}
 m - 6 potions of mutation
 t - a potion of invisibility
 E - 5 potions of brilliance
 F - 2 potions of magic
 G - 6 potions of curing
 M - 5 potions of flight
 O - a potion of ambrosia
Books
 d - a book of the Earth

   Spells                             Type                      Level
   a - Leda's Liquefaction            Hexes/Earth                  4
   b - Bolt of Magma                  Conjuration/Fire/Earth       5
   c - Statue Form                    Transmutation/Earth          6
   d - Iron Shot                      Conjuration/Earth            6
   e - Shatter                        Earth                        9
Miscellaneous
 j - a lightning rod (inert)
 T - a phial of floods
Comestibles
 c - 5 bread rations
 s - 6 meat rations


   Skills:
 + Level 7.3 Fighting
   Level 2.0 Long Blades
 - Level 6.3 Armour
 + Level 8.9 Dodging
 * Level 12.0 Unarmed Combat
 - Level 9.0 Spellcasting
 - Level 10.9 Transmutations
 - Level 11.8 Earth Magic
 + Level 9.8 Invocations
 - Level 5.0 Evocations


You had 3 spell levels left.
You knew the following spells:

 Your Spells              Type           Power        Failure   Level  Hunger
a - Blade Hands           Tmut           ######....   2%          5    #####..
b - Blink                 Tloc           N/A          12%         2    None
c - Statue Form           Tmut/Erth      ######...    11%         6    ######.
d - Apportation           Tloc           #.....       8%          1    None
e - Lee's Rapid Deconstr  Erth           ######....   1%          5    #####..
f - Passwall              Tmut/Erth      ######....   1%          2    None
g - Swiftness             Chrm/Air       #.......     12%         2    None
h - Passage of Golubria   Tloc           N/A          58%         4    ###....
i - Sublimation of Blood  Necr           #.........   12%         2    None


Dungeon Overview and Level Annotations

Branches:
Dungeon (13/15)            Temple (0/1) D:4            Lair (6/6) D:10
  Snake (0/4) Lair:2        Slime (0/5) Lair:6          Orc (2/2) D:12
    Elf (3/3) Orc:2
  Swamp: Lair:2-4    Shoals: Lair:2-4    Vaults: D:13-14

Altars:
Cheibriados
Kikubaaqudgha
Qazlal
Trog
Vehumet
Jiyva

Shops:
D:10 [   D:11 :   Orc:2 }%%*

Annotations:
Orc:2 corrupted
Elf:1 corrupted


Innate Abilities, Weirdness & Mutations

You have claws for hands.
You have an unnaturally thin skeletal structure. (Dex +6, Stealth++)
Your flesh is cold resistant. (rC+)
A meltable icy envelope protects you from harm. (AC +10)
You are immune to freezing clouds.
You have very sharp teeth.
You have sharp toenails.
((You are covered in fur. (AC +1)))
You evolve.


Message History

The arrow completely misses you.
The deep elf master archer shoots an arrow.
The arrow hits you!!
* * * LOW HITPOINT WARNING * * *
Unknown command.
Unknown command.
You feel much better.
The deep elf master archer shoots an arrow.
The arrow hits you!
* * * LOW HITPOINT WARNING * * *
The deep elf master archer shoots an arrow.
The arrow hits you!
* * * LOW HITPOINT WARNING * * *
Unknown command.
You closely miss the deep elf master archer.
Your kick misses the deep elf master archer.
The deep elf master archer is heavily wounded.
The deep elf master archer shoots an arrow.
The arrow hits you!!
You die...

.)"##..# %..##...'..#
.[)##..# ...##...#..#
):.##..# ..##...#.)#
.:.##..# [.##...#..#
#####..# #####.##...#..#
#####..######.e..)##...#..#
...≈≈..≈≈...# #)##...#."#
...≈≈..≈≈...#####e###+##..#
...≈≈..≈≈.......8.##...#..#
...≈≈..≈≈...###(..##...#..#
#####..######.##..##...#..#
...............##.##...#..#
................#.##...#..#
....⌠..⌠......).'.##...'..#
................#.##...#..#
.......(.......#######'#..#
.............### #...'..#


You could see a deep elf master archer.

Vanquished Creatures
  An ancient lich (WizLab)
  2 deep elf blademasters (Elf:3)
  A deep elf master archer (Elf:3)
  Gastronok (Lair:3)
  2 ancient champions (WizLab)
  A frost giant (IceCv)
  3 deep elf elementalists (Elf:3)
  7 deep elf demonologists (Elf:3)
  Nessos (Lair:4)
  3 deep elf annihilators (Elf:3)
  6 deep elf death magi (Elf:3)
  Snorg (Orc:2)
  2 deep elf high priests (Elf:3)
  Josephine (Lair:4)
  A catoblepas (Lair:6)
  5 dancing weapons
  A deep troll shaman (Lair:6)
  3 two-headed ogres
  4 death yaks (Lair:6)
  Urug (Lair:4)
  A deep elf knight (Elf:3)
  8 skeletal warriors (WizLab)
  A small abomination (Elf:3)
  4 deep elf archers (Elf:1)
  Pikel (D:5)
  A lindwurm (Lair:6)
  An orc sorcerer (Orc:2)
  8 deep elf magi
  A cyclops (D:11)
  16 elephants
  Maurice (D:10)
  An ice statue (IceCv)
  A guardian serpent (Lair:2)
  4 spiny frogs
  A komodo dragon (D:12)
  4 rime drakes
  3 trolls
  15 polar bears
  5 blink frogs (Lair:4)
  3 slime creatures (D:12)
  5 hippogriffs
  An air elemental (Elf:2)
  A meliai zombie (D:11)
  3 vampires (WizLab)
  A water elemental (Elf:1)
  4 wraiths
  4 wyverns
  47 yaks
  A yak (shapeshifter) (Elf:3)
  3 basilisks
  A hungry ghost (D:8)
  3 vampire mosquitoes (D:12)
  2 wargs (Orc:2)
  A soldier ant (D:11)
  3 two-headed ogre zombies (WizLab)
  An acid dragon (D:11)
  4 water moccasins
  3 porcupines
  3 ice beasts
  7 orc warriors
  A slave (D:4)
  A necrophage (D:12)
  A sky beast (D:9)
  4 black bears
  7 ogres
  2 phantoms
  19 wolves
  7 centaurs
  8 crocodiles
  Blork the orc (D:4)
  2 big kobolds
  9 bullfrogs
  4 scorpions
  6 troll zombies (WizLab)
  9 wights
  5 killer bees
  4 howler monkeys
  A crimson imp (D:10)
  2 jellies
  A centaur zombie (D:8)
  9 orc priests
  A bullfrog skeleton (D:11)
  2 centaur skeletons
  3 hounds
  2 iguanas
  12 orc wizards
  Ijyb (D:4)
  4 worker ants
  5 ogre zombies (WizLab)
  A hound zombie (D:8)
  A worker ant zombie (D:11)
  6 adders
  2 oozes
  An adder zombie (D:9)
  A worm (D:3)
  A leopard gecko (D:4)
  58 orcs
  2 ball pythons
  2 giant cockroaches
  9 hobgoblins
  7 jackals
  3 quokkas
  7 bats
  7 frilled lizards
  5 goblins
  A jackal skeleton (D:4)
  14 kobolds
  A leopard gecko zombie (D:5)
  6 rats
493 creatures vanquished.

Vanquished Creatures (collateral kills)
  A bullfrog (Lair:1)
  An orc priest (D:8)
  4 orcs (D:8)
6 creatures vanquished.

Vanquished Creatures (others)
  A deep elf sorcerer (Elf:1)
  A deep elf demonologist (Elf:1)
  3 hydras
  A two-headed ogre (D:11)
  3 orc high priests (Orc:2)
  2 dancing weapons (Elf:1)
  5 orc knights (Orc:2)
  4 orc sorcerers (Orc:2)
  10 deep elf magi (Elf:1)
  2 polar bears (IceCv)
  A tarantella (shapeshifter) (Elf:1)
  An air elemental (Elf:1)
  A vampire (WizLab)
  2 fire elementals (Elf:1)
  A water elemental (Elf:1)
  8 orc warriors
  2 wolves (Lair:4)
  5 orc wizards
  4 orc priests (Orc:2)
  7 fungi
  2 plants
  10 starspawn tentacles
  14 toadstools (Lair:2)
90 creatures vanquished.

Grand Total: 589 creatures vanquished

Notes
Turn   | Place    | Note
-------+----------+-------------------------------------------
     0 | Abyss:1  | 4thArraOfDagon the Demonspawn Abyssal Knight began the quest for the Orb.
     0 | Abyss:1  | Reached XP level 1. HP: 18/18 MP: 2/2
    38 | Abyss:1  | Noticed a large abomination
    40 | Abyss:1  | Noticed a jumping spider
    45 | Abyss:1  | Noticed a small abomination
    46 | Abyss:1  | Noticed a large abomination
    46 | D:1      | Escaped the Abyss
   260 | D:2      | Gained mutation: You have a somewhat thin skeletal structure. (Dex +2, Stealth) [demonic ancestry]
   260 | D:2      | Reached XP level 2. HP: 18/24 MP: 3/3
   276 | D:2      | Reached * piety under Lugonu
   276 | D:2      | Reached skill level 1 in Dodging
   455 | D:2      | lets just win this
   455 | D:2      | without forcing amazing turncounts
   457 | D:2      | prove of concept
   479 | D:2      | Gained mutation: You have sharp fingernails. [demonic ancestry]
   479 | D:2      | Reached XP level 3. HP: 29/29 MP: 5/5
   876 | D:2      | Found a snail-covered altar of Cheibriados.
   954 | D:3      | Found a bloodstained altar of Trog.
   975 | D:3      | Reached ** piety under Lugonu
   988 | D:3      | Reached XP level 4. HP: 29/35 MP: 6/6
  1149 | D:3      | Found an ancient bone altar of Kikubaaqudgha.
  1379 | D:3      | Found a glowing drain.
  1391 | Sewer    | Entered a sewer
  1445 | Sewer    | Noticed a crocodile
  1452 | Sewer    | Killed a crocodile
  1452 | Sewer    | Gained mutation: Your flesh is cold resistant. (rC+) [demonic ancestry]
  1452 | Sewer    | Reached XP level 5. HP: 27/42 MP: 6/8
  1565 | D:4      | Gained mutation: You are immune to freezing clouds. [demonic ancestry]
  1565 | D:4      | Reached XP level 6. HP: 37/48 MP: 9/9
  1592 | D:4      | Reached skill level 5 in Invocations
  1686 | D:4      | Noticed a slave
  1714 | D:4      | Killed a slave
  1727 | D:4      | Noticed a slave
  1732 | D:5      | Entered Level 5 of the Dungeon
  1780 | D:4      | Noticed Pikel
  1818 | D:4      | Noticed a slave
  1821 | D:4      | Noticed a slave
  1829 | D:5      | Killed Pikel
  1829 | D:5      | Reached skill level 5 in Fighting
  1829 | D:5      | Gained mutation: You have very sharp fingernails. [demonic ancestry]
  1829 | D:5      | Reached XP level 7. HP: 51/56 MP: 9/11
  1846 | D:4      | Noticed Blork the orc
  1862 | D:4      | Killed Blork the orc
  1875 | D:4      | Found a staircase to the Ecumenical Temple.
  1916 | D:4      | Noticed Ijyb
  1950 | D:4      | Killed Ijyb
  2099 | D:7      | Gained mutation: You have claws for hands. [demonic ancestry]
  2099 | D:7      | Reached XP level 8. HP: 62/63 MP: 11/13
  2115 | D:7      | Reached *** piety under Lugonu
  2208 | D:7      | Reached skill level 5 in Armour
  2606 | D:8      | Found a radiant altar of Vehumet.
  2665 | D:8      | Reached skill level 5 in Dodging
  2665 | D:8      | Reached skill level 1 in Unarmed Combat
  2689 | D:8      | Reached skill level 2 in Unarmed Combat
  2689 | D:8      | Reached XP level 9. HP: 39/69 MP: 15/15
  2826 | D:7      | Noticed a green ugly thing
  2892 | D:8      | Paralysed by fainting for 7 turns
  2911 | D:8      | Paralysed by fainting for 12 turns
  3265 | D:9      | Reached skill level 3 in Unarmed Combat
  3346 | D:9      | Gained mutation: You have sharp toenails. [mutagenic meat]
  3347 | D:9      | Gained mutation: You have very sharp teeth. [mutagenic meat]
  3348 | D:9      | Gained mutation: Your magical capacity is low. (-10% MP) [mutagenic meat]
  3349 | D:9      | Lost mutation: Your magical capacity is low. (-10% MP) [mutagenic meat]
  3350 | D:9      | Gained mutation: You evolve. [mutagenic meat]
  3482 | D:9      | Noticed a two-headed ogre
  3517 | D:9      | Killed a two-headed ogre
  3517 | D:9      | Reached skill level 4 in Unarmed Combat
  3543 | D:9      | Learned a level 5 spell: Blade Hands
  4021 | D:8      | Reached **** piety under Lugonu
  4118 | D:9      | Reached skill level 5 in Unarmed Combat
  4251 | D:9      | Reached skill level 1 in Spellcasting
  4251 | D:9      | Reached skill level 1 in Transmutations
  4344 | D:10     | Entered Level 10 of the Dungeon
  4504 | D:10     | Reached XP level 10. HP: 28/76 MP: 16/16
  5059 | D:11     | Noticed a cyclops
  5104 | D:11     | Reached skill level 6 in Unarmed Combat
  5284 | D:11     | Noticed a five-headed hydra
  5462 | D:11     | Noticed a two-headed ogre
  5580 | D:13     | Noticed a skeletal warrior
  5580 | D:13     | Noticed a skeletal warrior
  5580 | D:13     | Noticed a skeletal warrior
  5580 | D:13     | Noticed a skeletal warrior
  5735 | D:11     | Found a stormy altar of Qazlal.
  5751 | D:11     | Found Zoenneg's Book Shoppe.
  5797 | D:11     | Banished a two-headed ogre
  6011 | D:11     | Killed a cyclops
  6011 | D:11     | Reached skill level 7 in Unarmed Combat
  6031 | D:11     | Noticed a two-headed ogre
  6036 | D:11     | Killed a two-headed ogre
  6319 | D:10     | Noticed Maurice
  6363 | D:10     | Found Iggexad's Antique Armour Emporium.
  6372 | D:10     | Killed Maurice
  6403 | D:10     | Noticed an elephant
  6434 | D:10     | Killed an elephant
  6434 | D:10     | Gained mutation: A meltable icy envelope protects you from harm. (AC +10) [demonic ancestry]
  6434 | D:10     | Reached XP level 11. HP: 56/81 MP: 17/17
  6514 | D:10     | Reached skill level 8 in Unarmed Combat
  6628 | D:10     | Found a staircase to the Lair.
  6724 | D:10     | Reached ***** piety under Lugonu
  6825 | Lair:1   | Entered Level 1 of the Lair of Beasts
  7056 | Lair:1   | Found a frozen archway.
  7072 | IceCv    | Entered an ice cave
  7528 | IceCv    | Gained mutation: You are covered in fur. (AC +1) [evolution]
  7896 | IceCv    | Reached skill level 5 in Spellcasting
  7896 | IceCv    | Reached skill level 1 in Evocations
  7935 | IceCv    | Reached skill level 5 in Transmutations
  7981 | IceCv    | Noticed a frost giant
  8004 | IceCv    | Killed a frost giant
  8004 | IceCv    | Reached skill level 9 in Unarmed Combat
  8269 | IceCv    | Gained mutation: You have a moderately thin skeletal structure. (Dex +4, Stealth+) [demonic ancestry]
  8269 | IceCv    | Reached XP level 12. HP: 64/88 MP: 20/20
  9048 | Lair:2   | Reached skill level 10 in Unarmed Combat
  9048 | Lair:2   | Reached skill level 5 in Evocations
  9173 | Lair:2   | Found a staircase to the Snake Pit.
  9175 | Lair:2   | Got a distressingly furry helmet
  9230 | Lair:2   | Identified the cursed +0 helmet of Absence {rPois rF- rC+++ Dex-2} (You found it on level 2 of the Lair of Beasts)
  9494 | Lair:4   | Noticed Nessos
  9505 | Lair:4   | Killed Nessos
  9734 | Lair:5   | Learned a level 2 spell: Blink
  9775 | Lair:4   | Noticed Urug
  9775 | Lair:4   | Noticed Josephine
  9948 | Lair:5   | Noticed a four-headed hydra
  9950 | Lair:5   | Banished a four-headed hydra
  9972 | Lair:6   | Entered Level 6 of the Lair of Beasts
 10322 | Lair:6   | Reached skill level 11 in Unarmed Combat
 10434 | Lair:6   | Found a staircase to the Slime Pits.
 10435 | Lair:6   | Found a viscous altar of Jiyva.
 10605 | Lair:6   | Reached XP level 13. HP: 84/93 MP: 23/23
 11770 | Lair:4   | Killed Josephine
 11770 | Lair:4   | Reached skill level 10 in Transmutations
 11803 | Lair:4   | Reached ****** piety under Lugonu
 11816 | Lair:4   | Killed Urug
 11964 | Lair:3   | Noticed Gastronok
 11992 | Lair:3   | Killed Gastronok
 12198 | D:11     | Bought a book of the Earth for 715 gold pieces
 12205 | D:11     | Learned a level 6 spell: Statue Form
 12235 | D:11     | Reached skill level 1 in Earth Magic
 12254 | D:11     | Gained mutation: Scrolls take you a little longer to read. [evolution]
 12276 | D:12     | Found a staircase to the Orcish Mines.
 12802 | Orc:1    | Entered Level 1 of the Orcish Mines
 12829 | Orc:1    | Reached XP level 14. HP: 62/100 MP: 23/27
 13062 | Orc:2    | Entered Level 2 of the Orcish Mines
 13878 | Orc:2    | Found a staircase to the Elven Halls.
 13912 | Orc:2    | Corrupted Orc:2
 13912 | Orc:2    | Noticed Snorg
 13919 | Orc:2    | Noticed a balrug
 14071 | Orc:2    | Killed Snorg
 14071 | Orc:2    | Reached skill level 5 in Earth Magic
 14086 | Orc:2    | Found Oschuum's Food Emporium.
 14087 | Orc:2    | Found Mosh's Gadget Shop.
 14095 | Orc:2    | Found Saniegay's Assorted Antiques.
 14097 | Orc:2    | Found Zyesiymu's Food Shop.
 14103 | Orc:2    | Bought 2 purple potions for 52 gold pieces
 14103 | Orc:2    | Bought a scroll of magic mapping for 101 gold pieces
 14103 | Orc:2    | Bought a metallic dark potion for 26 gold pieces
 14137 | Elf:1    | Entered Level 1 of the Elven Halls
 14199 | Elf:1    | Corrupted Elf:1
 14199 | Elf:1    | Noticed a starcursed mass
 14199 | Elf:1    | Noticed a revenant
 14199 | Elf:1    | Noticed a tentacled starspawn
 14199 | Elf:1    | Noticed a starcursed mass
 14199 | Elf:1    | Noticed a starcursed mass
 14199 | Elf:1    | Noticed a purple draconian annihilator
 14204 | Elf:1    | Killed a deep elf sorcerer
 14217 | Elf:1    | Noticed a starcursed mass
 14231 | Elf:1    | Noticed a starcursed mass
 14328 | Elf:1    | Found a magical portal.
 14349 | WizLab   | Entered Zonguldrok's Shrine
 14752 | WizLab   | Noticed an ancient champion
 14757 | WizLab   | Killed an ancient champion
 14793 | WizLab   | Noticed an ancient champion
 14807 | WizLab   | Killed an ancient champion
 14887 | WizLab   | Noticed an antique lich
 14903 | WizLab   | Killed an antique lich
 14961 | WizLab   | Learned a level 1 spell: Apportation
 15019 | Elf:1    | Reached skill level 10 in Earth Magic
 15192 | Elf:1    | Identified the Papyrus of Calling
 15313 | Elf:3    | Entered Level 3 of the Elven Halls
 15313 | Elf:3    | Found an ancient bone altar of Kikubaaqudgha.
 15316 | Elf:3    | Identified a scroll of acquirement
 15633 | Elf:3    | Lost mutation: Scrolls take you a little longer to read. [evolution]
 15743 | Elf:3    | Gained mutation: You have an unnaturally thin skeletal structure. (Dex +6, Stealth++) [demonic ancestry]
 15743 | Elf:3    | Reached XP level 15. HP: 82/105 MP: 15/28
 15879 | Elf:3    | Noticed a Brimstone Fiend
 15882 | Elf:3    | Noticed a Brimstone Fiend
 16189 | Elf:3    | Noticed a deep elf blademaster
 16203 | Elf:3    | Noticed a deep elf master archer
 16203 | Elf:3    | Killed a deep elf blademaster
 16214 | Elf:3    | Killed a deep elf master archer
 16216 | Elf:3    | Killed a ghostly deep elf master archer
 16230 | Elf:3    | Got a distressingly furry leather armour
 16269 | Elf:3    | Learned a level 5 spell: Lee's Rapid Deconstruction
 16272 | Elf:3    | Learned a level 2 spell: Passwall
 16275 | Elf:3    | Learned a level 2 spell: Swiftness
 16280 | Elf:3    | Learned a level 4 spell: Passage of Golubria
 16281 | Elf:3    | Got a serpentine silver ring
 16284 | Elf:3    | Identified the Catalogue of the Mountains and Attacks
 16289 | Elf:3    | Learned a level 2 spell: Sublimation of Blood
 16353 | Elf:3    | Noticed a deep elf blademaster
 16365 | Elf:3    | Killed a deep elf blademaster
 16365 | Elf:3    | Reached skill level 12 in Unarmed Combat
 16366 | Elf:3    | Noticed a deep elf master archer
 16378 | Elf:3    | Shot with an arrow by a deep elf master archer

Vault maps used:
D:1:      matt_arrival_grand_opening, lemuel_another_geyser
D:2:      minmay_diamond_boxcup, cheibriados_altar_1
D:3:      amethyst_overflow_temple_binary, kiku_gazebo_garden_becter,
          marbit_many_paths, first_bread, portal_sewer_entry_d, minivault_5
D:4:      minmay_temple_entry_overgrown, minmay_goblin_outpost,
          uniq_blork_the_orc, uniq_pikel, uniq_ijyb
D:6:      abandoned_shop
D:7:      basic_altar
D:8:      overflow_temple_1_default, serial_column_ruins,
          column_ruins_open_medium_water, column_ruins_columns_corner,
          column_ruins_columns_dead_end, column_ruins_open_small_water,
          column_ruins_corridor_straight, column_ruins_corridor_straight
D:10:     david_lair_generic, serial_shops, nicolae_shop_trees, uniq_maurice
D:11:     basic_altar, serial_shops, shop_statue
D:12:     hiddenorc2_lemuel
D:13:     enter_trove_5, grunt_livestock, eino_tiny_chamber, uniq_sonja
Lair:1:   portal_ice_cave_rime, minivault_25
Lair:2:   kb_forest_paths, minmay_snake_entry_spellcaster, tgw_fedhas,
          serial_bayou_shore_b
Lair:3:   elwin_shoals_entry_rooms, uniq_gastronok
Lair:4:   cheibrodos_lair_river_kwai, grunt_megastairs_2, lemuel_fruit_fields,
          serial_bayou_shore_a, uniq_urug, uniq_josephine, uniq_nessos
Lair:6:   grunt_lair_end_beastmaster, slime_altar_1,
          nicolae_quartered_pool_medium
Orc:2:    st_orc_elflike, uniq_snorg
Elf:1:    lightli_enter_wizlab_magi_temple, minmay_elf_demonology
Elf:2:    grunt_ministairs_10, stair_cage_cross, uniq_louise
Elf:3:    elf_hall_gauntlet_wide, serial_co_window_serial, co_window_cross_1,
          co_window_corner_a, co_window_of_opportunity_a, co_window_corner_a,
          co_window_paths_b, co_window_paths_b, co_window_cross_1,
          co_window_paths_c, glass_columns_c, special_room, basic_altar
Abyss:1:  evilmike_abyss_exit_kraken
Sewer:    sewer_the_crocodile
IceCv:    ice_cave_small_giant
WizLab:   wizlab_zonguldrok

Skill      XL: |  1  2  3  4  5  6  7  8  9 10 11 12 13 14 15 |
---------------+----------------------------------------------+-----
Long Blades    | 2 |  2.0
Dodging        | 1 2 3 4 5 6 7 8 |  8.9
Armour         | 2 3 4 5 6 |  6.3
Invocations    | 3 4 6 8 9 |  9.8
Fighting       | 4 5 6 7 |  7.3
Unarmed Combat | 2 5 7 9 11 12 | 12.0
Spellcasting   | 1 4 5 7 9 |  9.0
Transmutations | 1 4 5 7 10 | 10.9
Evocations     | 3 5 |  5.0
Earth Magic    | 3 11 | 11.8

Action                   |  1- 3 |  4- 6 |  7- 9 | 10-12 | 13-15 || total
-------------------------+-------+-------+-------+-------+-------++-------
Melee: Falchion          |    15 |       |       |       |       ||    15
       Whip              |    94 |    90 |   261 |       |       ||   445
       Unarmed           |       |       |   129 |   870 |   854 ||  1853
       Bite              |       |       |    10 |   124 |    77 ||   211
       Punch             |       |       |     5 |    45 |    38 ||    88
       Kick              |       |       |       |       |    40 ||    40
 Cast: Blade Hands       |       |       |       |       |    30 ||    30
       Statue Form       |       |       |       |       |    15 ||    15
Invok: Depart the Abyss  |     1 |       |       |       |       ||     1
       Banish            |       |       |       |     4 |    11 ||    15
       Corrupt           |       |       |       |       |     2 ||     2
 Abil: End Transformatio |       |       |       |       |    23 ||    23
Evoke: Wand              |       |     5 |     3 |    15 |    11 ||    34
       Lightning rod     |       |       |       |       |     4 ||     4
  Use: Scroll            |       |    10 |     4 |    16 |    12 ||    42
       Potion            |       |     2 |     1 |     4 |     8 ||    15
 Stab: Confused          |       |       |     2 |       |     3 ||     5
       Sleeping          |       |       |     1 |     3 |       ||     4
       Paralysed         |       |       |       |    32 |       ||    32
       Distracted        |       |       |       |       |     2 ||     2
  Eat: Chunk             |       |     3 |     8 |     4 |    13 ||    28
       Fruit             |       |       |     2 |    11 |     3 ||    16
       Meat ration       |       |       |     2 |     1 |     1 ||     4
       Bread ration      |       |       |     2 |       |       ||     2
       Royal jelly       |       |       |       |     2 |     7 ||     9
Armor: Leather armour    |     6 |       |       |       |       ||     6
       Chain mail        |    63 |    23 |       |       |       ||    86
       Scale mail        |       |    28 |   175 |   258 |       ||   461
       Ring mail         |       |       |    14 |   211 |   208 ||   433
       Troll leather arm |       |       |       |       |    83 ||    83
       Skin              |       |       |       |       |   141 ||   141
Dodge: Dodged            |    52 |    33 |   215 |   596 |   556 ||  1452
       Rpst.: Falchion   |     4 |       |       |       |       ||     4
